AoeStats
← andrew

Arabia

508330960Analyzed
1v1 RM · 9d ago on Sep 22, 2026· 43m 22s· 2 players
Game mode
Random Map
Map size
Tiny (2 player)
Population
200
Speed
Normal
Resources
Standard
Victory
Conquest
Starting age
Dark Age
Ending age
Imperial Age
RankedLock teamsTeams togetherTeam positionsShared explorationLock speedFull tech treeHidden civsTurbo modeCheats
Victory
Defeat
🇨🇦 Mongols · Canada
1379
+14
🇨🇦 Goths · Canada
1331
-14
andrew
4:06 Loom
9:32 Feudal Age
9:38 Man-at-Arms
13:53 Double-Bit Axe
20:24 Castle Age
19:17 Scale Mail Armor
19:36 Horse Collar
19:48 Gold Mining
21:57 Squires
22:14 Chain Mail Armor
22:49 Forging
25:30 Pikeman
28:48 Forging
30:04 Iron Casting
29:45 Town Watch
33:38 Wheelbarrow
35:38 Imperial Age
33:20 Fletching
36:32 Wheelbarrow
35:41 Halberdier
37:42 Blast Furnace
39:26 Conscription
39:36 Bow Saw
Tungsten
5:47 Loom
8:52 Feudal Age
9:48 Double-Bit Axe
9:51 Horse Collar
18:12 Wheelbarrow
17:53 Gold Mining
20:58 Castle Age
19:59 Forging
20:43 Bloodlines
20:40 Scale Barding Armor
22:14 Iron Casting
21:44 Husbandry
27:03 Chain Barding Armor
35:30 Imperial Age
34:10 Hand Cart
34:07 Bow Saw
34:38 Gold Shaft Mining
34:07 Heavy Plow
35:31 Elite Steppe Lancer
37:13 Blast Furnace
37:43 Conscription
37:42 Fletching
37:40 Town Watch
39:59 Masonry
41:19 Siege Engineers
Connection lost

Rejoining the realm…

Still unreachable

The connection could not be restored.

Session expired

The server has moved on; the page needs a fresh start.